AoeStats
← TCK-Busifikator

Arabia

507309391Analyzed
1v1 RM · 16d ago on Sep 17, 2026· 36m 3s· 2 players
Game mode
Random Map
Map size
Tiny (2 player)
Population
200
Speed
Normal
Resources
Standard
Victory
Conquest
Starting age
Dark Age
Ending age
Imperial Age
RankedLock teamsTeams togetherTeam positionsShared explorationLock speedFull tech treeHidden civsTurbo modeCheats
Victory
Defeat
🇬🇧 Mongols · United Kingdom
1075
+16
🇺🇦 Saracens · Ukraine
1065
-16
TCK-Busifikator
10:17 Feudal Age
8:35 Loom
10:21 Feudal Age
15:46 Horse Collar
22:30 Castle Age
22:33 Crossbowman
24:04 Fletching
24:59 Bodkin Arrow
25:49 Padded Archer Armor
27:35 Leather Archer Armor
33:19 Scale Barding Armor
34:07 Light Cavalry
EfKavalye
6:48 Loom
8:57 Feudal Age
19:27 Castle Age
17:32 Gold Mining
17:50 Double-Bit Axe
19:22 Fletching
19:48 Crossbowman
21:31 Scale Mail Armor
23:02 Bodkin Arrow
28:30 Padded Archer Armor
29:17 Horse Collar
31:50 Wheelbarrow
31:01 Town Watch
38:25 Imperial Age
Connection lost

Rejoining the realm…

Still unreachable

The connection could not be restored.

Session expired

The server has moved on; the page needs a fresh start.